Workbook

Sheet SetUp
A1: Summary/SetUp
A3: Start Month | B3: 46023
A4: Currency | B4: €
A5: Monthly Extra Payment | B5: 1500
A6: Selected Month (for plan) | B6: 46023 | C6: Month Start | D6: =EOMONTH($B$6,-1)+1 -> 46023
A7: One‑off Extras This Month | B7: 1000 | C7: Month End | D7: =EOMONTH($B$6,0) -> 46053
A8: Total Extra Available This Month | B8: =$B$5+$B$7 -> 2500
A10: How to use:
A11: 1) Enter debts on the Debts tab. 2) Enter your Monthly Extra here. 3) Go to Payments to allocate the extra payments to the debts for the selected month. After you make payments, update balances on the Debts tab and move the Selected Month forward. One‑off extras logged on OneOffs are automatically added to the month you select.

Sheet Debts
A1: Debts
A3: Debt Name | B3: Balance (€) | C3: Interest | D3: Min Payment (€) | E3: Notes | F3: Rank (APR) | G3: Focus? | I3: Max APR (open) | J3: =_xlfn.MAXIFS($C$4:$C$28,$B$4:$B$28,">0") -> 0.089
A4: Bank Loan | B4: 35600 | C4: 0.067 | D4: 750 | F4: =IF(C4="","",_xlfn.RANK.EQ(C4,$C$4:$C$28,0)) -> 2 | G4: =IF(A4="","",IF(A4=Payments!$B$5,"✓","")) -> ✓ | I4: Focus Row | J4: =IFERROR(MATCH($J$3,$C$4:$C$28,0),"") -> 2
A5: Bank Loan | B5: 6500 | C5: 0.089 | D5: 150 | F5: =IF(C5="","",_xlfn.RANK.EQ(C5,$C$4:$C$28,0)) -> 1 | G5: =IF(A5="","",IF(A5=Payments!$B$5,"✓","")) -> ✓ | I5: Focus Debt | J5: =IF($J$4="","",INDEX($A$4:$A$28,$J$4)) -> Bank Loan
F6: =IF(C6="","",_xludf.RANK.EQ(C6,$C$4:$C$28,0)) | G6: =IF(A6="","",IF(A6=Payments!$B$5,"✓",""))
F7: =IF(C7="","",_xludf.RANK.EQ(C7,$C$4:$C$28,0)) | G7: =IF(A7="","",IF(A7=Payments!$B$5,"✓",""))
F8: =IF(C8="","",_xludf.RANK.EQ(C8,$C$4:$C$28,0)) | G8: =IF(A8="","",IF(A8=Payments!$B$5,"✓",""))
F9: =IF(C9="","",_xludf.RANK.EQ(C9,$C$4:$C$28,0)) | G9: =IF(A9="","",IF(A9=Payments!$B$5,"✓",""))
F10: =IF(C10="","",_xludf.RANK.EQ(C10,$C$4:$C$28,0)) | G10: =IF(A10="","",IF(A10=Payments!$B$5,"✓",""))
F11: =IF(C11="","",_xludf.RANK.EQ(C11,$C$4:$C$28,0)) | G11: =IF(A11="","",IF(A11=Payments!$B$5,"✓",""))
F12: =IF(C12="","",_xludf.RANK.EQ(C12,$C$4:$C$28,0)) | G12: =IF(A12="","",IF(A12=Payments!$B$5,"✓",""))
F13: =IF(C13="","",_xludf.RANK.EQ(C13,$C$4:$C$28,0)) | G13: =IF(A13="","",IF(A13=Payments!$B$5,"✓",""))
F14: =IF(C14="","",_xludf.RANK.EQ(C14,$C$4:$C$28,0)) | G14: =IF(A14="","",IF(A14=Payments!$B$5,"✓",""))
F15: =IF(C15="","",_xludf.RANK.EQ(C15,$C$4:$C$28,0)) | G15: =IF(A15="","",IF(A15=Payments!$B$5,"✓",""))
F16: =IF(C16="","",_xludf.RANK.EQ(C16,$C$4:$C$28,0)) | G16: =IF(A16="","",IF(A16=Payments!$B$5,"✓",""))
F17: =IF(C17="","",_xludf.RANK.EQ(C17,$C$4:$C$28,0)) | G17: =IF(A17="","",IF(A17=Payments!$B$5,"✓",""))
... F28: =IF(C28="","",_xludf.RANK.EQ(C28,$C$4:$C$28,0)) | G28: =IF(A28="","",IF(A28=Payments!$B$5,"✓",""))

Sheet Payments
A1: Payments
A3: Selected Month | B3: =SetUp!$B$6 -> 46023 | D3: Extra this month | E3: =SetUp!$B$8 -> 2500
A4: Total min payments | B4: =SUM(Debts!$D$4:'Debts'!$D$28) -> 900 | D4: Total planned payments | E4: =B4+E3 -> 3400
A5: Focus debt (highest APR) | B5: =Debts!$J$5 -> Bank Loan
A7: Debt | B7: Balance | C7: APR | D7: Min | E7: Extra Allocated | F7: Total Payment | G7: Est Interest (mo) | H7: Est End Balance
A8: =Debts!A4 -> Bank Loan | B8: 36500 | C8: =Debts!C4 -> 0.067 | D8: =Debts!D4 -> 750 | E8: 0 | F8: =IF(A8="","",D8+E8) -> 750 | G8: =IF(A8="","",B8*C8/12) -> 203.79167 | H8: =IF(A8="","",MAX(0,B8+G8-F8)) -> 35953.792
A9: =Debts!A5 -> Bank Loan | B9: =Debts!B5 -> 6500 | C9: =Debts!C5 -> 0.089 | D9: =Debts!D5 -> 150 | E9: 2500 | F9: =IF(A9="","",D9+E9) -> 2650 | G9: =IF(A9="","",B9*C9/12) -> 48.208333 | H9: =IF(A9="","",MAX(0,B9+G9-F9)) -> 3898.2083
A10: =Debts!A6 -> 0 | B10: =Debts!B6 -> 0 | C10: =Debts!C6 -> 0 | D10: =Debts!D6 -> 0 | E10: =IF(AND(A10<>"",B10>0,A10=$B$5),$E$3,0) -> 0 | F10: =IF(A10="","",D10+E10) -> 0 | G10: =IF(A10="","",B10*C10/12) -> 0 | H10: =IF(A10="","",MAX(0,B10+G10-F10)) -> 0
A11: =Debts!A7 -> 0 | B11: =Debts!B7 -> 0 | C11: =Debts!C7 -> 0 | D11: =Debts!D7 -> 0 | E11: =IF(AND(A11<>"",B11>0,A11=$B$5),$E$3,0) -> 0 | F11: =IF(A11="","",D11+E11) -> 0 | G11: =IF(A11="","",B11*C11/12) -> 0 | H11: =IF(A11="","",MAX(0,B11+G11-F11)) -> 0
A12: =Debts!A8 -> 0 | B12: =Debts!B8 -> 0 | C12: =Debts!C8 -> 0 | D12: =Debts!D8 -> 0 | E12: =IF(AND(A12<>"",B12>0,A12=$B$5),$E$3,0) -> 0 | F12: =IF(A12="","",D12+E12) -> 0 | G12: =IF(A12="","",B12*C12/12) -> 0 | H12: =IF(A12="","",MAX(0,B12+G12-F12)) -> 0
A13: =Debts!A9 -> 0 | B13: =Debts!B9 -> 0 | C13: =Debts!C9 -> 0 | D13: =Debts!D9 -> 0 | E13: =IF(AND(A13<>"",B13>0,A13=$B$5),$E$3,0) -> 0 | F13: =IF(A13="","",D13+E13) -> 0 | G13: =IF(A13="","",B13*C13/12) -> 0 | H13: =IF(A13="","",MAX(0,B13+G13-F13)) -> 0
A14: =Debts!A10 -> 0 | B14: =Debts!B10 -> 0 | C14: =Debts!C10 -> 0 | D14: =Debts!D10 -> 0 | E14: =IF(AND(A14<>"",B14>0,A14=$B$5),$E$3,0) -> 0 | F14: =IF(A14="","",D14+E14) -> 0 | G14: =IF(A14="","",B14*C14/12) -> 0 | H14: =IF(A14="","",MAX(0,B14+G14-F14)) -> 0
A15: =Debts!A11 -> 0 | B15: =Debts!B11 -> 0 | C15: =Debts!C11 -> 0 | D15: =Debts!D11 -> 0 | E15: =IF(AND(A15<>"",B15>0,A15=$B$5),$E$3,0) -> 0 | F15: =IF(A15="","",D15+E15) -> 0 | G15: =IF(A15="","",B15*C15/12) -> 0 | H15: =IF(A15="","",MAX(0,B15+G15-F15)) -> 0
A16: =Debts!A12 -> 0 | B16: =Debts!B12 -> 0 | C16: =Debts!C12 -> 0 | D16: =Debts!D12 -> 0 | E16: =IF(AND(A16<>"",B16>0,A16=$B$5),$E$3,0) -> 0 | F16: =IF(A16="","",D16+E16) -> 0 | G16: =IF(A16="","",B16*C16/12) -> 0 | H16: =IF(A16="","",MAX(0,B16+G16-F16)) -> 0
A17: =Debts!A13 -> 0 | B17: =Debts!B13 -> 0 | C17: =Debts!C13 -> 0 | D17: =Debts!D13 -> 0 | E17: =IF(AND(A17<>"",B17>0,A17=$B$5),$E$3,0) -> 0 | F17: =IF(A17="","",D17+E17) -> 0 | G17: =IF(A17="","",B17*C17/12) -> 0 | H17: =IF(A17="","",MAX(0,B17+G17-F17)) -> 0
A18: =Debts!A14 -> 0 | B18: =Debts!B14 -> 0 | C18: =Debts!C14 -> 0 | D18: =Debts!D14 -> 0 | E18: =IF(AND(A18<>"",B18>0,A18=$B$5),$E$3,0) -> 0 | F18: =IF(A18="","",D18+E18) -> 0 | G18: =IF(A18="","",B18*C18/12) -> 0 | H18: =IF(A18="","",MAX(0,B18+G18-F18)) -> 0
A19: =Debts!A15 -> 0 | B19: =Debts!B15 -> 0 | C19: =Debts!C15 -> 0 | D19: =Debts!D15 -> 0 | E19: =IF(AND(A19<>"",B19>0,A19=$B$5),$E$3,0) -> 0 | F19: =IF(A19="","",D19+E19) -> 0 | G19: =IF(A19="","",B19*C19/12) -> 0 | H19: =IF(A19="","",MAX(0,B19+G19-F19)) -> 0
A20: =Debts!A16 -> 0 | B20: =Debts!B16 -> 0 | C20: =Debts!C16 -> 0 | D20: =Debts!D16 -> 0 | E20: =IF(AND(A20<>"",B20>0,A20=$B$5),$E$3,0) -> 0 | F20: =IF(A20="","",D20+E20) -> 0 | G20: =IF(A20="","",B20*C20/12) -> 0 | H20: =IF(A20="","",MAX(0,B20+G20-F20)) -> 0
A21: =Debts!A17 -> 0 | B21: =Debts!B17 -> 0 | C21: =Debts!C17 -> 0 | D21: =Debts!D17 -> 0 | E21: =IF(AND(A21<>"",B21>0,A21=$B$5),$E$3,0) -> 0 | F21: =IF(A21="","",D21+E21) -> 0 | G21: =IF(A21="","",B21*C21/12) -> 0 | H21: =IF(A21="","",MAX(0,B21+G21-F21)) -> 0
... A32: =Debts!A28 -> 0 | B32: =Debts!B28 -> 0 | C32: =Debts!C28 -> 0 | D32: =Debts!D28 -> 0 | E32: =IF(AND(A32<>"",B32>0,A32=$B$5),$E$3,0) -> 0 | F32: =IF(A32="","",D32+E32) -> 0 | G32: =IF(A32="","",B32*C32/12) -> 0 | H32: =IF(A32="","",MAX(0,B32+G32-F32)) -> 0
A34: Totals | D34: =SUM(D8:D32) -> 900 | E34: =SUM(E8:E32) -> 2500 | F34: =SUM(F8:F32) -> 3400
A36: Notes:

Sheet Loan repayment Schedule.
A1: Month | B1: Min Payment | D1: Extra Payment | G1: Estimated Int. | H1: Balance
A2: =SetUp!B3 -> 46023 | B2: =SetUp!B4 -> € | C2: =Debts!$D$5 -> 150 | D2: =B2 -> € | E2: 2500 | F2: =B2 -> € | G2: =Debts!$B$5*Debts!$C$5/12 -> 48.208333 | H2: =F2 -> € | I2: =K4+G2-E2-C2 -> 3898.2083 | K2: =Debts!A5 -> Bank Loan | L2: =Debts!F5 -> 1
A3: =IF(C3="","",EDATE(A2,1)) -> 46054 | B3: =B2 -> € | C3: =Debts!$D$5 -> 150 | D3: =D2 -> € | E3: 0 | F3: =F2 -> € | G3: =I2*Debts!$C$5/12 -> 28.911712 | H3: =H2 -> € | I3: =I2+G3-E3-C3 -> 3777.12
A4: =IF(C4="","",EDATE(A3,1)) -> 46082 | B4: =B3 -> € | C4: =Debts!$D$5 -> 150 | D4: =D3 -> € | E4: 500 | F4: =F3 -> € | G4: =I3*Debts!$C$5/12 -> 28.01364 | H4: =H3 -> € | I4: =I3+G4-E4-C4 -> 3155.1337 | K4: =Debts!B5 -> 6500
A5: =IF(C5="","",EDATE(A4,1)) -> 46113 | B5: =B4 -> € | C5: =Debts!$D$5 -> 150 | D5: =D4 -> € | E5: 0 | F5: =F4 -> € | G5: =I4*Debts!$C$5/12 -> 23.400575 | H5: =H4 -> € | I5: =I4+G5-E5-C5 -> 3028.5343
A6: =IF(C6="","",EDATE(A5,1)) -> 46143 | B6: =B5 -> € | C6: =Debts!$D$5 -> 150 | D6: =D5 -> € | E6: 0 | F6: =F5 -> € | G6: =I5*Debts!$C$5/12 -> 22.461629 | H6: =H5 -> € | I6: =I5+G6-E6-C6 -> 2900.9959 | K6: =Debts!C3 -> Interest
A7: =IF(C7="","",EDATE(A6,1)) -> 46174 | B7: =B6 -> € | C7: =Debts!$D$5 -> 150 | D7: =D6 -> € | E7: 250 | F7: =F6 -> € | G7: =I6*Debts!$C$5/12 -> 21.51572 | H7: =H6 -> € | I7: =I6+G7-E7-C7 -> 2522.5116 | K7: =Debts!C5 -> 0.089
A8: =IF(C8="","",EDATE(A7,1)) -> 46204 | B8: =B7 -> € | C8: =Debts!$D$5 -> 150 | D8: =D7 -> € | E8: 0 | F8: =F7 -> € | G8: =I7*Debts!$C$5/12 -> 18.708628 | H8: =H7 -> € | I8: =I7+G8-E8-C8 -> 2391.2202
A9: =IF(C9="","",EDATE(A8,1)) -> 46235 | B9: =B8 -> € | C9: =Debts!$D$5 -> 150 | D9: =D8 -> € | E9: 0 | F9: =F8 -> € | G9: =I8*Debts!$C$5/12 -> 17.734883 | H9: =H8 -> € | I9: =I8+G9-E9-C9 -> 2258.9551
A10: =IF(C10="","",EDATE(A9,1)) -> 46266 | B10: =B9 -> € | C10: =Debts!$D$5 -> 150 | D10: =D9 -> € | E10: 300 | F10: =F9 -> € | G10: =I9*Debts!$C$5/12 -> 16.753917 | H10: =H9 -> € | I10: =I9+G10-E10-C10 -> 1825.709
A11: =IF(C11="","",EDATE(A10,1)) -> 46296 | B11: =B10 -> € | C11: =Debts!$D$5 -> 150 | D11: =D10 -> € | E11: 50 | F11: =F10 -> € | G11: =I10*Debts!$C$5/12 -> 13.540675 | H11: =H10 -> € | I11: =I10+G11-E11-C11 -> 1639.2497
A12: =IF(C12="","",EDATE(A11,1)) -> 46327 | B12: =B11 -> € | C12: =Debts!$D$5 -> 150 | D12: =D11 -> € | E12: 200 | F12: =F11 -> € | G12: =I11*Debts!$C$5/12 -> 12.157769 | H12: =H11 -> € | I12: =I11+G12-E12-C12 -> 1301.4075
A13: =IF(C13="","",EDATE(A12,1)) -> 46357 | B13: =B12 -> € | C13: =Debts!$D$5 -> 150 | D13: =D12 -> € | F13: =F12 -> € | G13: =I12*Debts!$C$5/12 -> 9.6521055 | H13: =H12 -> € | I13: =I12+G13-E13-C13 -> 1161.0596
A14: =IF(C14="","",EDATE(A13,1)) -> 46388 | B14: =B13 -> € | C14: =Debts!$D$5 -> 150 | D14: =D13 -> € | F14: =F13 -> € | G14: =I13*Debts!$C$5/12 -> 8.6111919 | H14: =H13 -> € | I14: =I13+G14-E14-C14 -> 1019.6708
A15: =IF(C15="","",EDATE(A14,1)) -> 46419 | B15: =B14 -> € | C15: =Debts!$D$5 -> 150 | D15: =D14 -> € | F15: =F14 -> € | G15: =I14*Debts!$C$5/12 -> 7.5625583 | H15: =H14 -> € | I15: =I14+G15-E15-C15 -> 877.23334
A16: =IF(C16="","",EDATE(A15,1)) -> 46447 | B16: =B15 -> € | C16: =Debts!$D$5 -> 150 | D16: =D15 -> € | F16: =F15 -> € | G16: =I15*Debts!$C$5/12 -> 6.5061472 | H16: =H15 -> € | I16: =I15+G16-E16-C16 -> 733.73948
A17: =IF(C17="","",EDATE(A16,1)) -> 46478 | B17: =B16 -> € | C17: =Debts!$D$5 -> 150 | D17: =D16 -> € | F17: =F16 -> € | G17: =I16*Debts!$C$5/12 -> 5.4419012 | H17: =H16 -> € | I17: =I16+G17-E17-C17 -> 589.18139
A18: =IF(C18="","",EDATE(A17,1)) -> 46508 | B18: =B17 -> € | C18: =Debts!$D$5 -> 150 | D18: =D17 -> € | F18: =F17 -> € | G18: =I17*Debts!$C$5/12 -> 4.3697619 | H18: =H17 -> € | I18: =I17+G18-E18-C18 -> 443.55115
A19: =IF(C19="","",EDATE(A18,1)) -> 46539 | B19: =B18 -> € | C19: =Debts!$D$5 -> 150 | D19: =D18 -> € | F19: =F18 -> € | G19: =I18*Debts!$C$5/12 -> 3.289671 | H19: =H18 -> € | I19: =I18+G19-E19-C19 -> 296.84082
A20: =IF(C20="","",EDATE(A19,1)) -> 46569 | B20: =B19 -> € | C20: =Debts!$D$5 -> 150 | D20: =D19 -> € | F20: =F19 -> € | G20: =I19*Debts!$C$5/12 -> 2.2015694 | H20: =H19 -> € | I20: =I19+G20-E20-C20 -> 149.04239
A21: =IF(C21="","",EDATE(A20,1)) -> 46600 | B21: =B20 -> € | C21: =Debts!$D$5 -> 150 | D21: =D20 -> € | E21: 0.15 | F21: =F20 -> € | G21: =I20*Debts!$C$5/12 -> 1.1053977 | H21: =H20 -> € | I21: =I20+G21-E21-C21 -> -0.0022145059
A22: =IF(C22="","",EDATE(A21,1)) -> 46631 | B22: =B21 -> € | C22: 0 | D22: =D21 -> € | F22: =F21 -> € | G22: =I21*Debts!$C$5/12 -> -1.6424252e-05 | H22: =H21 -> € | I22: =I21+G22-E22-C22 -> -0.0022309302
A23: =IF(C23="","",EDATE(A22,1)) -> 46661 | B23: =B22 -> € | C23: 0 | D23: =D22 -> € | F23: =F22 -> € | G23: =I22*Debts!$C$5/12 -> -1.6546065e-05 | H23: =H22 -> € | I23: =I22+G23-E23-C23 -> -0.0022474762
A24: =IF(C24="","",EDATE(A23,1)) -> 46692 | B24: =B23 -> € | C24: 0 | D24: =D23 -> € | F24: =F23 -> € | G24: =I23*Debts!$C$5/12 -> -1.6668782e-05 | H24: =H23 -> € | I24: =I23+G24-E24-C24 -> -0.002264145
A25: =IF(C25="","",EDATE(A24,1)) -> 46722 | B25: =B24 -> € | C25: 0 | D25: =D24 -> € | F25: =F24 -> € | G25: =I24*Debts!$C$5/12 -> -1.6792409e-05 | H25: =H24 -> € | I25: =I24+G25-E25-C25 -> -0.0022809374
A26: =IF(C26="","",EDATE(A25,1)) -> 46753 | B26: =B25 -> € | C26: 0 | D26: =D25 -> € | F26: =F25 -> € | G26: =I25*Debts!$C$5/12 -> -1.6916952e-05 | H26: =H25 -> € | I26: =I25+G26-E26-C26 -> -0.0022978544
A27: =IF(C27="","",EDATE(A26,1)) -> 46784 | B27: =B26 -> € | C27: 0 | D27: =D26 -> € | F27: =F26 -> € | G27: =I26*Debts!$C$5/12 -> -1.704242e-05 | H27: =H26 -> € | I27: =I26+G27-E27-C27 -> -0.0023148968
A28: =IF(C28="","",EDATE(A27,1)) -> 46813 | B28: =B27 -> € | C28: 0 | D28: =D27 -> € | F28: =F27 -> € | G28: =I27*Debts!$C$5/12 -> -1.7168818e-05 | H28: =H27 -> € | I28: =I27+G28-E28-C28 -> -0.0023320656
A29: =IF(C29="","",EDATE(A28,1)) -> 46844 | B29: =B28 -> € | C29: 0 | D29: =D28 -> € | F29: =F28 -> € | G29: =I28*Debts!$C$5/12 -> -1.7296153e-05 | H29: =H28 -> € | I29: =I28+G29-E29-C29 -> -0.0023493618
A30: =IF(C30="","",EDATE(A29,1)) -> 46874 | B30: =B29 -> € | C30: 0 | D30: =D29 -> € | F30: =F29 -> € | G30: =I29*Debts!$C$5/12 -> -1.7424433e-05 | H30: =H29 -> € | I30: =I29+G30-E30-C30 -> -0.0023667862
A31: =IF(C31="","",EDATE(A30,1)) -> 46905 | B31: =B30 -> € | C31: 0 | D31: =D30 -> € | F31: =F30 -> € | G31: =I30*Debts!$C$5/12 -> -1.7553664e-05 | H31: =H30 -> € | I31: =I30+G31-E31-C31 -> -0.0023843399
A32: =IF(C32="","",EDATE(A31,1)) -> 46935 | B32: =B31 -> € | C32: 0 | D32: =D31 -> € | F32: =F31 -> € | G32: =I31*Debts!$C$5/12 -> -1.7683854e-05 | H32: =H31 -> € | I32: =I31+G32-E32-C32 -> -0.0024020237
A33: =IF(C33="","",EDATE(A32,1)) -> 46966 | B33: =B32 -> € | C33: 0 | D33: =D32 -> € | F33: =F32 -> € | G33: =I32*Debts!$C$5/12 -> -1.7815009e-05 | H33: =H32 -> € | I33: =I32+G33-E33-C33 -> -0.0024198387
... A54: =IF(C54="","",EDATE(A53,1)) -> 47604 | B54: =B53 -> € | C54: 0 | D54: =D53 -> € | F54: =F53 -> € | G54: =I53*Debts!$C$5/12 -> -2.0805483e-05 | H54: =H53 -> € | I54: =I53+G54-E54-C54 -> -0.0028260392
A55: =IF(C55="","",EDATE(A54,1)) | B55: =B54 -> € | D55: =D54 -> € | F55: =F54 -> € | G55: =I54*Debts!$C$5/12 -> -2.0959791e-05 | H55: =H54 -> € | I55: =I54+G55-E55-C55 -> -0.002846999
A56: =IF(C56="","",EDATE(A55,1)) | B56: =B55 -> € | D56: =D55 -> € | F56: =F55 -> € | G56: =I55*Debts!$C$5/12 -> -2.1115243e-05 | H56: =H55 -> € | I56: =I55+G56-E56-C56 -> -0.0028681142
A57: =IF(C57="","",EDATE(A56,1)) | B57: =B56 -> € | D57: =D56 -> € | F57: =F56 -> € | G57: =I56*Debts!$C$5/12 -> -2.1271847e-05 | H57: =H56 -> € | I57: =I56+G57-E57-C57 -> -0.0028893861
A58: =IF(C58="","",EDATE(A57,1)) | B58: =B57 -> € | D58: =D57 -> € | F58: =F57 -> € | G58: =I57*Debts!$C$5/12 -> -2.1429613e-05 | H58: =H57 -> € | I58: =I57+G58-E58-C58 -> -0.0029108157
